 Dungeon Crawl Stone Soup version 0.29-a0-317-gd16b76e6b1 (webtiles) character file.

Game seed: 16178720904344477096

402 tilp the Chiller (level 6, 15/28 HPs)
             Began as a Felid Ice Elementalist on Mar 30, 2022.
             Was a Follower of Vehumet.
             Quit the game on level 5 of the Dungeon.
             The game lasted 00:08:19 (4831 turns).

tilp the Chiller (Felid Ice Elementalist)           Turns: 4831, Time: 00:08:19

Health: 15/28      AC:  2    Str:  4    XL:     6   Next: 55%
Magic:  11/11      EV: 18    Int: 19    God:    Vehumet [*.....]
Gold:   233        SH:  0    Dex: 16    Spells: 2/11 levels left
                                        Lives:  1   Deaths: 1

rFire   . . .      SeeInvis +     - Unarmed
rCold   . . .      Faith    .   (shield unavailable)
rNeg    . . .      Spirit   .   (body armour unavailable)
rPois   .          Reflect  .   (helmet unavailable)
rElec   .          Harm     .   (cloak unavailable)
rCorr   .          Rampage  .   (gloves unavailable)
Will    .....                   (boots unavailable)
Stlth   +++.......              (no amulet)
HPRegen 0.09/turn               (no ring)
MPRegen 0.12/turn               (no ring)

@: quick
A: very small, claws 1, fangs 3, see invisible, speed 1, shaggy fur 2, stealthy
paws, no weapons or thrown items, no armour, multi-lived
a: Renounce Religion


You were on level 5 of the Dungeon.
You worshipped Vehumet.
Vehumet was aware of your devotion.
You visited 1 branch of the dungeon, and saw 5 of its levels.

You collected 233 gold pieces.

Inventory:

Wands
 b - a wand of charming (9)
 k - a wand of digging (6)
Scrolls
 i - 2 scrolls of teleportation
 n - a scroll of fog
 o - a scroll of identify
Potions
 a - 4 potions of magic
 c - 2 potions of attraction
 d - 2 potions of mutation
 e - a potion of invisibility {unknown}
 f - a potion of might {unknown}
 g - a potion of brilliance {unknown}
 h - 2 potions of degeneration {unknown}
 j - a potion of heal wounds
 l - 3 potions of curing {unknown}
 m - 2 potions of haste {unknown}


   Skills:
 - Level 4.0 Fighting
 - Level 4.0 Dodging
 + Level 4.6 Stealth
 - Level 2.0 Unarmed Combat
 - Level 3.0 Spellcasting
 + Level 0.8 Conjurations
 - Level 6.0 Ice Magic
 + Level 0.5 Evocations


You had 2 spell levels left.
You knew the following spells:

 Your Spells              Type           Power      Damage    Failure   Level
a - Freeze                Ice            100%       1d11      1%          1
b - Frozen Ramparts       Ice            50%        1d7       3%          3
c - Ozocubu's Armour      Ice            25%        N/A       3%          3
d - Searing Ray           Conj           12%        2d4       17%         2

Your spell library contained the following spells:

 Spells                   Type           Power      Damage    Failure   Level
 Magic Dart               Conj           24%        1d4       11%         1
 Shock                    Conj/Air       16%        1d4       13%         1
 Sandblast                Erth           4%         2d4       16%         1
 Passwall                 Tmut/Erth      1%         N/A       22%         2
 Scorch                   Fire           4%         2d5       22%         2
 Stone Arrow              Conj/Erth      8%         3d7       36%         3
 Hailstorm                Conj/Ice       15%        3d5       36%         4
 Swiftness                Air            2%         N/A       41%         3
 Flame Wave               Conj/Fire      4%         2d5       78%         4
 Fulminant Prism          Conj/Hex       2%         3d6       78%         4
 Airstrike                Air            1%         N/A       83%         4
 Summon Cactus Giant      Summ           1%         N/A       100%        6


Dungeon Overview and Level Annotations

Branches:
Dungeon (5/15)             Temple (0/1) D:4

Altars:
Dithmenos
Vehumet

Annotations:
D:5 Menkaure


Innate Abilities, Weirdness & Mutations

You have sharp claws.
You have razor-sharp teeth.
You have supernaturally acute eyesight. (SInv)
You cover ground quickly. (Speed+)
You are covered in thick fur. (AC +2)
Your paws help you pounce on unaware monsters.
You are incapable of wielding weapons or throwing items.
You cannot wear armour.
You gain extra lives every three experience levels.


Message History

Press: ? - help, Shift-Dir - straight line, f - centaur
Aim: a centaur, wielding a +0 shortbow (84% to hit)
The searing ray hits the orc!
You kill the orc!
Vehumet accepts your kill.
The searing ray hits the centaur!
The centaur is heavily wounded. (Press . to maintain the ray.)
The centaur shoots an arrow.
The arrow completely misses you. The orc hits you with a +0 mace!
Unknown command.
The searing ray hits the centaur.
The centaur is severely wounded.
The centaur shoots an arrow.
The arrow hits you!
* * * LOW HITPOINT WARNING * * *
The orc closely misses you.
The centaur shoots an arrow.
The arrow misses you.
Unknown command.
The searing ray hits the centaur.
The centaur is almost dead.
The centaur shoots an arrow.
The arrow hits you!
You die...
The orc hits you with a +0 mace.
You are now level 6!
You rejoin the land of the living...
Found a scroll of identify and 11 gold pieces.
Found a stone staircase leading down.
Found a glowing rapier.
o - a scroll of identify You now have 226 gold pieces (gained 11).
You now have 233 gold pieces (gained 7).
You open the door.
Menkaure, Prince of Dust comes into view.
Menkaure shouts!
You hear a shout!
Menkaure calls on the powers of darkness!
Your body is wracked with pain!
Found a yellow potion.
Menkaure is nearby!
Menkaure is nearby!
Unknown command.
Are you sure you want to abandon this character and quit the game? (Confirm with "yes".)

.....!M....#
#................#
♣♣##................
♣.......)..........
..................
.♣...............
.............##'####
#.........#.@...#
#...†.....#.....#
##.<.)o....#.....#
#..).c.....#.....#
#..........#.....#
+..........#....#######
#..........#....##....##
............#...........#
.............#...........#


You could see Menkaure.

Vanquished Creatures
  An ice beast (D:4)
  A black bear (D:4)
  An ogre (D:3)
  A bullfrog (D:4)
  2 scorpions (D:4)
  A howler monkey (D:4)
  An orc priest (D:3)
  Jessica (D:3)
  An iguana (D:4)
  An orc wizard (D:3)
  2 adders (D:4)
  4 gnolls
  5 worms
  2 dart slugs (D:3)
  17 orcs
  11 endoplasms
  3 giant cockroaches
  13 goblins
  6 hobgoblins
  8 jackals
  3 kobolds
  A quokka (D:2)
  5 ball pythons
  11 bats
  A frilled lizard (D:2)
  3 rats
106 creatures vanquished.

Notes
Turn   | Place    | Note
-------+----------+-------------------------------------------
     0 | D:1      | tilp the Felid Ice Elementalist began the quest for the
                  | Orb.
     0 | D:1      | Reached XP level 1. HP: 7/7 MP: 4/4
    90 | D:1      | Reached XP level 2. HP: 12/12 MP: 4/6
   341 | D:1      | Reached skill level 4 in Ice Magic
   345 | D:1      | Reached skill level 1 in Fighting
   564 | D:1      | Reached XP level 3. HP: 15/15 MP: 7/7
   568 | D:1      | Learned a level 3 spell: Frozen Ramparts
  1324 | D:2      | Learned a level 3 spell: Ozocubu's Armour
  1675 | D:2      | Reached XP level 4. HP: 19/19 MP: 0/8
  2335 | D:3      | Noticed Jessica
  2339 | D:3      | Killed Jessica
  2619 | D:3      | Found a radiant altar of Vehumet.
  2674 | D:3      | Became a worshipper of Vehumet
  2781 | D:3      | Found a faded altar of an unknown god.
  2846 | D:3      | Reached XP level 5. HP: 19/22 MP: 2/10
  2956 | D:3      | Reached skill level 5 in Ice Magic
  3352 | D:3      | Noticed an ogre
  3359 | D:3      | Killed an ogre
  3360 | D:3      | Reached skill level 6 in Ice Magic
  3360 | D:3      | Gained mutation: You are covered in thick fur. (AC +2)
                  | [Felid growth]
  3360 | D:3      | Reached XP level 6. HP: 26/26 MP: 2/11
  3581 | D:4      | Found a staircase to the Ecumenical Temple.
  3588 | D:4      | Noticed an ice beast
  3695 | D:3      | Learned a level 2 spell: Searing Ray
  3748 | D:4      | Reached skill level 1 in Unarmed Combat
  3797 | D:4      | Reached * piety under Vehumet
  3797 | D:4      | Offered knowledge of Sandblast by Vehumet.
  3861 | D:4      | Found a shadowy altar of Dithmenos.
  4026 | D:4      | Reached XP level 7. HP: 19/31 MP: 2/12
  4799 | D:5      | Entered Level 5 of the Dungeon
  4811 | D:5      | Shot with an arrow by a centaur
  4812 | D:5      | Reached XP level 6. HP: -9/28 MP: 8/11
  4830 | D:5      | Noticed Menkaure
  4831 | D:5      | Quit the game

Illustrated notes

Levels and vault maps discovered:
D:1:      minmay_arrival_stair_chambers, layout_basic
D:2:      layout_loops_ring
D:3:      layout_loops_ring, lemuel_crystal_altar,
          shapermc_ecumenical_altar_totnotflames, minmay_ogre_servants,
          uniq_jessica
D:4:      layout_rooms, mainiacjoe_overflow_catwalk, minmay_temple_entry_grid
D:5:      wander_river, layout_gridville, uniq_edmund, uniq_menkaure,
          uniq_crazy_yiuf_cottage

Skill      XL: |  1  2  3  4  5  6  7 |
---------------+----------------------+-----
Ice Magic      | 4 6 |  6.0
Fighting       | 1 2 3 4 |  4.0
Spellcasting   | 3 |  3.0
Dodging        | 3 4 |  4.0
Stealth        | 3 4 |  4.6
Unarmed Combat | 1 2 |  2.0
Conjurations   | |  0.8
Evocations     | |  0.5

Action                   |  1- 3 |  4- 6 |  7- 9 || total
-------------------------+-------+-------+-------++-------
Melee: Unarmed           |    19 |    15 |    15 ||    49
       Bite              |     4 |     2 |       ||     6
       Punch             |       |       |     1 ||     1
 Cast: Freeze            |    44 |    28 |     5 ||    77
       Frozen Ramparts   |     9 |    17 |     2 ||    28
       Ozocubu's Armour  |     2 |     9 |     3 ||    14
       Searing Ray       |       |     1 |     5 ||     6
  Use: Scroll            |     2 |     7 |       ||     9
 Stab: Sleeping          |     3 |     6 |     2 ||    11
Armor: Skin              |     2 |     2 |     2 ||     6
Dodge: Dodged            |    32 |    39 |    28 ||    99

Table legend: (Time is in decaauts)
 A = Elapsed time spent in this place.
 B = Non-inter-level travel time spent in this place.
 C = Inter-level travel time spent in this place.
 D = Time resting spent in this place.
 E = Time spent auto-exploring this place.
 F = Levels seen in this place.
 G = Mean time per level.
                   A        B        C        D        E       F      G
               +--------+--------+--------+--------+--------+-----+--------+
         Total |   4388 |   4239 |    149 |    453 |   3122 |   5 |  877.6 |
       Dungeon |   4388 |   4239 |    149 |    453 |   3122 |   5 |  877.6 |
               +--------+--------+--------+--------+--------+-----+--------+

Top non-repeatable levels by time:
     D:3: 1246 daAuts
     D:2: 1185 daAuts
     D:4: 1029 daAuts
     D:1: 900 daAuts
     D:5: 27 daAuts
